 Dungeon Crawl Stone Soup version 0.29.1-15-g9cfb28693d (webtiles) character file.

Game seed: 1702701531936896992

11 bnorton916 the Firebug (level 2, 0/15 HPs)
             Began as a Deep Elf Fire Elementalist on Feb 21, 2023.
             Slain by a jackal (2 damage)
             ... on level 1 of the Dungeon.
             The game lasted 00:00:36 (535 turns).

bnorton916 the Firebug (Deep Elf Fire Elementalist)  Turns: 535, Time: 00:00:39

Health: 0/15       AC:  2    Str:  5    XL:     2   Next: 13%
Magic:  6/8        EV: 12    Int: 19    God:
Gold:   25         SH:  0    Dex: 15    Spells: 6/7 levels left

rFire   . . .      SeeInvis .   (no weapon)
rCold   . . .      Faith    .   (no shield)
rNeg    . . .      Spirit   .   a - +0 robe
rPois   .          Reflect  .   (no helmet)
rElec   .          Harm     .   (no cloak)
rCorr   .          Rampage  .   (no gloves)
Will    .....                   (no boots)
Stlth   ++........              (no amulet)
HPRegen 0.05/turn               (no ring)
MPRegen 0.11/turn               (no ring)

@: attractive
A: no striking features
a: no special abilities


You were on level 1 of the Dungeon.
You visited 1 branch of the dungeon, and saw 1 of its levels.

You collected 25 gold pieces.

Inventory:

Armour
 a - a +0 robe (worn)
Potions
 b - a potion of magic
 c - a potion of heal wounds {unknown}
 d - a potion of attraction


   Skills:
 - Level 2.4 Dodging
 - Level 2.4 Stealth
 + Level 3.4 Spellcasting
 + Level 1.6 Conjurations
 + Level 3.5 Fire Magic


You had 6 spell levels left.
You knew the following spells:

 Your Spells              Type           Power      Damage    Failure   Level
a - Foxfire               Conj/Fire      52%        2x1d6     4%          1

Your spell library contained the following spells:

 Spells                   Type           Power      Damage    Failure   Level
 Scorch                   Fire           32%        2d6       4%          2
 Conjure Flame            Conj/Fire      13%        6-21      16%         3
 Inner Flame              Hex/Fire       10%        N/A       22%         3
 Flame Wave               Conj/Fire      13%        2d6       45%         4


Dungeon Overview and Level Annotations

Branches:
Dungeon (1/15)

Altars:


Message History

Nothing appears to happen.
Casting: Foxfire (safe; 4% risk of failure)
Confirm with . or Enter, or press ? or * to list all spells.
There is not enough space to conjure foxfire!
Casting: Foxfire (safe; 4% risk of failure)
Confirm with . or Enter, or press ? or * to list all spells.
There is not enough space to conjure foxfire!
Your foxfire dissipates!
The jackal bites you but does no damage.
Casting: Foxfire (safe; 4% risk of failure)
Confirm with . or Enter, or press ? or * to list all spells.
You conjure some foxfire!
The jackal bites you.
The foxfire hits the jackal but does no damage.
The jackal is severely wounded.
The jackal closely misses you.
You hit the jackal but do no damage.
The jackal is severely wounded.
The jackal closely misses you. x2
Unknown command.
As you read the scroll labelled UTESUA OVOEMME, it crumbles to dust.
It is a scroll of brand weapon.
You aren't carrying any weapons that can be branded.
The jackal bites you but does no damage.
The jackal barely misses you. The jackal closely misses you.
The jackal bites you.
Your magical contamination has completely faded away.
Okay, then.
Memorise Scorch, consuming 2 spell levels and leaving 4?
The jackal bites you.
Your memorisation is interrupted.
The jackal bites you.
* * * LOW HITPOINT WARNING * * *
Okay, then.
Unknown command.
It was a potion of attraction.
You feel attractive to monsters.
The jackal bites you but does no damage.
A jackal comes into view.
The jackal barely misses you. The jackal bites you.
* * * LOW HITPOINT WARNING * * *
The jackal bites you.
You die...

..........#
[.#####.###
#...#
#.#####.#
#.#.h.h.#
#.#.# #.#h#
#.#h# #.h@#
#####


You could see 4 jackals.

Vanquished Creatures
  3 ball pythons (D:1)
  A giant cockroach (D:1)
  2 hobgoblins (D:1)
  2 frilled lizards (D:1)
  A kobold (D:1)
  2 rats (D:1)
11 creatures vanquished.

Vanquished Creatures (others)
  58 foxfires (D:1)
58 creatures vanquished.

Grand Total: 69 creatures vanquished

Notes
Turn   | Place    | Note
-------+----------+-------------------------------------------
     0 | D:1      | bnorton916 the Deep Elf Fire Elementalist began the quest
                  | for the Orb.
     0 | D:1      | Reached XP level 1. HP: 10/10 MP: 6/6
   258 | D:1      | Reached XP level 2. HP: 15/15 MP: 5/8
   535 | D:1      | Slain by a jackal

Illustrated notes

Levels and vault maps discovered:
D:1:      giann_bridges, layout_basic, minmay_pentomino_o2

Action                   || total
-------------------------++-------
Melee: Unarmed           ||     1
 Cast: Foxfire           ||    34
  Use: Scroll            ||     1
       Potion            ||     1
Armor: Robe              ||     3
Dodge: Dodged            ||     7
